[Event "Late-Titled-Tuesday-Blitz-September-05-2023"]
[Site "Chess.com"]
[Date "2023.09.05"]
[Round "6"]
[White "OYAcosta"]
[Black "HajiyevKanan"]
[Result "0-1"]
[WhiteElo "2264"]
[BlackElo "2472"]
[TimeControl "180+1"]
[EndTime "15:07:20 PDT"]
[Termination "HajiyevKanan won on time"]

1. d4 Nf6 2. Bf4 c5 3. e3 cxd4 4. exd4 d5 5. Nf3 Nc6 6. c3 Bg4 7. Be2 e6 8. Nbd2 Bd6 9. Bg3 O-O 10.
O-O Rb8 11. a4 a6 12. Ne5 Bf5 13. b4 Qc7 14. f4 a5 15. Rc1 axb4 16. cxb4 Qb6 17.
b5 Nxd4 18. Bf2 Nxe2+ 19. Qxe2 Qa5 20. Ra1 Rfc8 21. g4 Bxe5 22. gxf5 Bxf4 23. Nb3 Qc7 24. fxe6 Bxh2+ 25. Kh1 Re8 26. Bd4 Bd6 27. Rxf6 fxe6 28. Rxe6 Qd7 29. Re1 Rf8 30. Rxd6 Qxd6 31. Qe6+ Qxe6 32.
Rxe6 Rf3 33. Nc5 b6 34. Na6 Rc8 35. Re7 Rg3 36. Kh2 Rg4 37. Bxb6 Rc2+ 38. Kh3 Rg6 39. Bd4 h5 0-1

[Event "Late-Titled-Tuesday-Blitz-September-05-2023"]
[Site "Chess.com"]
[Date "2023.09.05"]
[Round "6"]
[White "dosto07"]
[Black "DeTimmerman"]
[Result "0-1"]
[WhiteElo "2504"]
[BlackElo "2676"]
[TimeControl "180+1"]
[EndTime "15:07:21 PDT"]
[Termination "DeTimmerman won on time"]

1. e4 e5 2. Nf3 Nc6 3. Bb5 f5 4.
d3 fxe4 5. dxe4 Nf6 6. O-O d6 7. Qd3 Be7 8. Bc4 Na5 9. a4 Nxc4 10. Qxc4 Qd7 11. Nc3 Qc6 12. Qb3 Qb6 13. Qxb6 axb6 14. Bg5 Be6 15. Nd2 Nh5 16. Bxe7 Kxe7 17. g3 Nf6 18. f3 g5 19. Kg2 h5 20. Rfe1 h4 21. g4 h3+ 22. Kg3 Rh4 23. Nf1 Nxg4 24. fxg4 Rxg4+ 25. Kf2 Rg2+ 26. Ke3 Rf8 27. Re2 Bc4 28. Ng3 Bxe2 29.
Ncxe2 Rxh2 30. Nf5+ Kd7 31. Rg1 d5 32. Rxg5 dxe4 33.
Rg7+ Ke6 34. Neg3 Rxc2 35. Rh7 Rxf5 36. Nxf5 Kxf5 37. Rxh3 Rxb2 38. Rh5+ Ke6 39. Kxe4 Rb4+ 40. Kd3 Rxa4 41. Rh7 Kd6 42. Rh6+ Kd5 43. Rh7 Ra3+ 44. Kc2 c6 45. Rxb7 b5 46. Kb2 Rh3 47. Rd7+ Kc4 48. Rd2 c5 49. Re2 b4 50. Rxe5 Rh2+ 51.
Kc1 Kb5 52. Re8 c4 53. Re5+ Ka4 54. Re6 Kb3 0-1

[Event "Late-Titled-Tuesday-Blitz-September-05-2023"]
[Site "Chess.com"]
[Date "2023.09.05"]
[Round "6"]
[White "KaydenTroffChess"]
[Black "Andreikka"]
[Result "1-0"]
[WhiteElo "2803"]
[BlackElo "2996"]
[TimeControl "180+1"]
[EndTime "15:07:22 PDT"]
[Termination "KaydenTroffChess won on time"]

1. d4 g6 2. Nf3 Bg7 3. Bg5 h6 4. Bh4 g5 5. Bg3 f5 6. e3 Nf6 7. a4 a5 8. c3 d6 9. Bc4 c6 10. Qc2 Na6 11. h3 Nc7 12. Nbd2 Ncd5 13. e4 fxe4 14. Nxe4 Be6 15. O-O Qd7 16. Rfe1 O-O 17.
Qe2 Nxe4 18. Qxe4 Rf6 19. Nh2 h5 20. Nf3 Bh6 21. h4 Bf5 22. Qxe7 Qxe7 23. Rxe7 g4 24. Ng5 Rb8 25. Rae1 Bf8 26. Re8 Rxe8 27. Rxe8 Kg7 28. Rb8 b6 29. Bxd5 cxd5 30. Rxb6 Bc2 31. Rb5 Bxa4 32.
Rxa5 Bb3 33. Rb5 Bc4 34. Rb7+ Kg6 35. b4 Bh6 36. b5 Bxg5 37. hxg5 Re6 38. b6 Re1+ 39.
Kh2 Rb1 40. Bxd6 Kxg5 41. Rg7+ Kh6 42. Bf8 h4 43. b7 Kh5 44. Bd6 1-0

[Event "Late-Titled-Tuesday-Blitz-September-05-2023"]
[Site "Chess.com"]
[Date "2023.09.05"]
[Round "6"]
[White "jefferyx"]
[Black "jk13"]
[Result "1-0"]
[WhiteElo "3020"]
[BlackElo "2675"]
[TimeControl "180+1"]
[EndTime "15:07:25 PDT"]
[Termination "jefferyx won by resignation"]

1. e4 e5 2. Nf3 Nc6 3. Nc3 Nf6 4. d4 exd4 5. Nxd4 Bb4 6. Nxc6 bxc6 7. Bd3 O-O 8. O-O d5 9. exd5 cxd5 10. h3 h6 11. Qf3 Re8 12. Bf4 Be6 13. Nb5 Re7 14. c3 Bc5 15. b4 Bb6 16. a4 a5 17. Nd4 Bxd4 18. cxd4 axb4 19. Rfb1 Bc8 20. Rxb4 Ba6 21. Bxa6 Rxa6 22. Qb3 Re8 23. Rb7 c6 24. Bc7 Qc8 25. a5 Qf5 26. Be5 Ne4 27. Qc2 Qe6 28. Rb6 Rea8 29. Rxa6 Rxa6 30. Qb2 Qc8 31. f3 Ng5 32. Qb4 Kh7 33. Rb1 Qf5 34. Ra1 Qd3 35. Qb7 c5 36. Qxd5 Rg6 37. Kh1 c4 38. a6 c3 39. a7 Qe2 40. a8=Q Nxh3 41. f4 Nf2+ 42. Kg1 Nh3+ 43. Kh2 Nf2 44. Qf3 Ng4+ 45. Kg1 Qd2 46. Qae4 c2 47.
Qxg4 c1=Q+ 48. Rxc1 Qxc1+ 49. Kh2 1-0

[Event "Late-Titled-Tuesday-Blitz-September-05-2023"]
[Site "Chess.com"]
[Date "2023.09.05"]
[Round "6"]
[White "zajka-molotok"]
[Black "BeanScreen"]
[Result "0-1"]
[WhiteElo "2526"]
[BlackElo "2701"]
[TimeControl "180+1"]
[EndTime "15:07:27 PDT"]
[Termination "BeanScreen won by checkmate"]

1. d4 d5 2. c4 e6 3. Nc3 c5 4. cxd5 cxd4 5. Qa4+ Bd7 6. Qxd4 exd5 7. Qxd5 Nf6 8. Qd1 Bc5 9. Nf3 O-O 10. e3 Qe7 11.
Be2 Rd8 12. O-O Nc6 13. b3 Ne5 14. Nd5 Nxf3+ 15. Bxf3 Nxd5 16. Qxd5 Bb5 17. Qxb7 Qxb7 18. Bxb7 Rab8 19. Bf3 Bxf1 20. Kxf1 Rbc8 21. Bb2 Bb6 22. Rc1 Rxc1+ 23. Bxc1 Rc8 24. Bb2 Rc2 25. Be5 Rxa2 26. Bd5 Ra5 27. e4 Ra2 28. Bg3 Rd2 29. f3 Kf8 30.
Be1 Rc2 31. Bb4+ Ke8 32. Bc4 Rf2+ 33. Ke1 Rxg2 34. Bb5+ Kd8 35. Bd6 Rxh2 36. Bxh2 Ke7 37. f4 Bc7 38. Ke2 g5 39. Kf3 h5 40. e5 g4+ 41.
Kg3 f5 42. Bg1 a5 43. Bc5+ Kf7 44. Bc4+ Kg6 45. Be7 Bb6 46. e6 Be3 47. Bd6 h4+ 48.
Kg2 h3+ 49. Kh2 Kh5 50. e7 Kh4 51. Bc5 g3+ 52. Kh1 g2+ 53. Kh2 g1=Q# 0-1

[Event "Late-Titled-Tuesday-Blitz-September-05-2023"]
[Site "Chess.com"]
[Date "2023.09.05"]
[Round "6"]
[White "rquery98"]
[Black "ural58"]
[Result "0-1"]
[WhiteElo "2673"]
[BlackElo "2533"]
[TimeControl "180+1"]
[EndTime "15:07:28 PDT"]
[Termination "ural58 won by resignation"]

1. Nf3 d5 2. g3 Nc6 3. d4 Bf5 4.
Bg2 Nb4 5. Na3 e6 6. c3 Nc6 7. O-O h6 8. Nc2 Nf6 9. Nd2 Be7 10. Re1 e5 11. dxe5 Nxe5 12. Nd4 Bg6 13. N2f3 Nxf3+ 14. exf3 O-O 15. f4 Be4 16. Bxe4 Nxe4 17. Nf5 Bf6 18.
Be3 Re8 19. f3 Nxc3 20. bxc3 Bxc3 21. Qd3 Bxe1 22. Rxe1 c5 23. Rc1 d4 24. Bf2 b6 25.
g4 Qd5 26. a3 Rad8 27. h4 Qa2 28. Ng3 Qb2 29. Rc2 Qb1+ 30. Kg2 b5 31. g5 c4 32. Qf5 Rd6 33. Ne4 Rde6 34. Rd2 d3 35. Bd4 Qe1 36. Bf2 Qc1 37. Be3 Qxa3 38. h5 Qe7 39. Bd4 Rxe4 40. fxe4 Qxe4+ 41. Qxe4 Rxe4 42. Bc3 Rxf4 43.
gxh6 gxh6 44. Kg3 Rf5 45. Ra2 Rxh5 46. Rxa7 Rd5 47. Kf2 d2 48. Ra1 d1=Q 49. Rxd1 Rxd1 0-1

[Event "Late-Titled-Tuesday-Blitz-September-05-2023"]
[Site "Chess.com"]
[Date "2023.09.05"]
[Round "6"]
[White "Doudou2015"]
[Black "cassoulet"]
[Result "0-1"]
[WhiteElo "2205"]
[BlackElo "2733"]
[TimeControl "180+1"]
[EndTime "15:07:30 PDT"]
[Termination "cassoulet won on time"]

1. b3 Nf6 2. Bb2 g6 3. Bxf6 exf6 4. c4 Bg7 5. Nc3 f5 6. g3 O-O 7. Bg2 Nc6 8. e3 a5 9. a3 b6 10. Nge2 Bb7 11. O-O Re8 12. d4 Qc8 13. d5 Ne5 14.
Rc1 h5 15. Nb5 Ba6 16. a4 d6 17. Ned4 Bb7 18. Re1 Qd7 19. h4 Rad8 20. Qc2 Ng4 21. Nc6 Bxc6 22. dxc6 Qe7 23. Bd5 Bf6 24. Nc3 Kg7 25.
Bg2 f4 26. Nd5 fxg3 27. Nxe7 gxf2+ 28. Kf1 Bxh4 29. Bf3 Rxe7 30. Bxg4 fxe1=Q+ 31. Rxe1 Bxe1 32. Be2 Bh4 33. Qd3 Bf6 34. Bf3 Rde8 35. e4 Re5 36. c5 Rxc5 37. Qa6 Rxc6 38. e5 Rc1+ 39. Kg2 Rxe5 40.
Qc8 Rg5+ 41. Kf2 Bd4+ 42. Ke2 Re5+ 43. Kd3 Rc3+ 44. Kxd4 Rxf3 45. Qxc7 Rxb3 46. Qxd6 Re6 47. Qd5 Rb4+ 48. Kd3 Rxa4 49. Qb3 Rb4 50. Qc3+ Kh7 51.
Qc8 Rd6+ 52. Kc3 Rf6 53. Qd8 Rf3+ 54. Kc2 Rg4 55. Qd2 a4 56. Qe2 Rgg3 57. Kb2 a3+ 58. Ka2 b5 59. Qxb5 Rf2+ 60. Ka1 Rg1+ 0-1

[Event "Late-Titled-Tuesday-Blitz-September-05-2023"]
[Site "Chess.com"]
[Date "2023.09.05"]
[Round "6"]
[White "vladislavkovalev"]
[Black "BigAl"]
[Result "1-0"]
[WhiteElo "2909"]
[BlackElo "2548"]
[TimeControl "180+1"]
[EndTime "15:07:31 PDT"]
[Termination "vladislavkovalev won by checkmate"]

1. e4 c6 2. Nf3 d5 3. d3 g6 4. e5 c5 5. Bf4 Nc6 6. g3 Qb6 7. Nbd2 Bh6 8. Bxh6 Nxh6 9. Bg2 Qxb2 10. O-O Nxe5 11. Rb1 Nxf3+ 12. Bxf3 Qxa2 13. Nb3 O-O 14. Bxd5 Qa6 15. Nxc5 Qd6 16. Bxb7 Bxb7 17. Nxb7 Qc7 18. d4 Nf5 19. Qd3 Rab8 20. Nc5 Rxb1 21. Rxb1 e5 22. c3 exd4 23. cxd4 Rd8 24. Ne4 Rxd4 25.
Nf6+ Kh8 26. Qe2 Rd8 27. g4 Nd4 28. Qe3 Qc6 29. Qf4 Nf3+ 30. Kh1 Nd2+ 31. f3 Nxb1 32. Qe5 Qc1+ 33. Kg2 Qc3 34. Qe7 Qd2+ 35. Kh3 Qd6 36. Qxf7 Qxf6 37. Qxf6+ Kg8 38. Qxd8+ Kg7 39. Qd4+ Kh6 40.
Qb4 a5 41. Qxb1 g5 42. Qa1 Kg6 43. Qxa5 h5 44. Qf5+ Kh6 45. gxh5 Kxh5 46. Qh7# 1-0

[Event "Late-Titled-Tuesday-Blitz-September-05-2023"]
[Site "Chess.com"]
[Date "2023.09.05"]
[Round "6"]
[White "farzadbfd"]
[Black "komogro"]
[Result "1-0"]
[WhiteElo "2682"]
[BlackElo "2509"]
[TimeControl "180+1"]
[EndTime "15:07:31 PDT"]
[Termination "farzadbfd won on time"]

1. d4 Nf6 2. Nf3 g6 3. Bf4 Bg7 4. e3 O-O 5. Be2 d5 6. h3 c5 7. c3 Nc6 8. O-O a5 9. a4 Qb6 10. Ra2 Rd8 11. Na3 Bf5 12. Nb5 Rac8 13. Ne5 Ne4 14. g4 Be6 15. Nd3 Rd7 16. f3 Nd6 17.
Nxc5 Rdd8 18. Nxe6 fxe6 19. Nxd6 exd6 20. Bb5 e5 21.
Bg3 Kh8 22. Kg2 Ne7 23. Qb3 Rf8 24. Raa1 Qc7 25. Rae1 Rf7 26. Bh4 Rcf8 27. Bxe7 Rxe7 28. Qxd5 Qb6 29. Re2 h6 30. Ref2 Ref7 31. f4 exd4 32. exd4 Qd8 33. Bd3 Rf6 34. f5 Qe7 35. Qe4 Qf7 36.
Qe3 g5 37. Re2 d5 38. Qe7 Rb6 39. Qxf7 Rxf7 40. Re8+ Rf8 41. Rxf8+ Bxf8 42. Bb5 Kg7 43. Re1 Kf7 44. Re5 Rd6 45. Rxd5 Rxd5 46. Bc4 1-0

[Event "Late-Titled-Tuesday-Blitz-September-05-2023"]
[Site "Chess.com"]
[Date "2023.09.05"]
[Round "6"]
[White "MagnusCarlsen"]
[Black "mishanick"]
[Result "1-0"]
[WhiteElo "3267"]
[BlackElo "3073"]
[TimeControl "180+1"]
[EndTime "15:07:32 PDT"]
[Termination "MagnusCarlsen won on time"]

1. e4 c5 2. Nf3 e6 3. b3 Nf6 4.
e5 Nd5 5. Nc3 Nc6 6. Bb2 Nxc3 7.
dxc3 d5 8. exd6 Qxd6 9. Qe2 Be7 10. g3 O-O 11. Bg2 Bf6 12. Nd2 Qc7 13. O-O-O a5 14. a4 Bd7 15. Ne4 Be7 16. Rd2 Rfd8 17. Rhd1 Be8 18.
f4 Rxd2 19. Nxd2 Rd8 20. Nc4 Rxd1+ 21. Qxd1 g6 22. Ba3 b6 23. Kb1 Bf6 24. Nd6 Qd8 25. Qd3 Bd7 26. Nc4 Be8 27. Nd6 Bd7 28. Bc1 Be7 29.
Nc4 Be8 30. Qe2 Bf6 31. Bd2 Ne7 32. Qd3 Nd5 33. Ne5 Qc7 34. Bxd5 exd5 35. Qxd5 Bxe5 36. Qxe5 Qd8 37. Kb2 f6 38. Qe3 Bf7 39. c4 Qd6 40.
Bc3 Kf8 41. g4 Be6 42. f5 gxf5 43. Qh6+ Ke8 44. Qxh7 fxg4 45. Bxf6 Bf7 46. Qg7 Qe6 47. Be5 Kd7 48. Bg3 Kc6 49. Qh8 Qe7 50. Qc8+ 1-0

[Event "Late-Titled-Tuesday-Blitz-September-05-2023"]
[Site "Chess.com"]
[Date "2023.09.05"]
[Round "6"]
[White "valemava"]
[Black "maksimys18"]
[Result "0-1"]
[WhiteElo "2294"]
[BlackElo "2510"]
[TimeControl "180+1"]
[EndTime "15:07:32 PDT"]
[Termination "maksimys18 won by checkmate"]

1. Nf3 e6 2. b3 d5 3. Bb2 Nf6 4. g3 c5 5. d4 Nc6 6. Bg2 cxd4 7. Nxd4 Bc5 8. O-O O-O 9. e3 Nxd4 10. Bxd4 Bxd4 11.
Qxd4 Bd7 12. c4 Bc6 13. Nc3 dxc4 14. Bxc6 Qxd4 15. exd4 bxc6 16. bxc4 c5 17. d5 exd5 18. cxd5 Rae8 19. Rfd1 Re5 20. Rab1 Rd8 21. Rb7 g6 22. d6 a5 23. a4 Re6 24. Nb5 Ne4 25. d7 c4 26. Rc7 Kf8 27. Rxc4 Ke7 28. Nd4 Rxd7 29.
Re1 Nd2 30. Nxe6 Nf3+ 31. Kf1 Nxe1 32. Nc5 Nf3 33. Re4+ Kd6 34. Kg2 Kxc5 35. Kxf3 f5 36. Rf4 Rd3+ 37. Ke2 Rd4 38. Rf3 Kb4 39. h3 Kxa4 40.
Rc3 Kb4 41. Rc7 a4 42. Rb7+ Ka3 43. Rxh7 Kb3 44. Rb7+ Rb4 45. Ra7 a3 46. h4 a2 47.
h5 gxh5 48. Kd3 Kb2 49. Re7 a1=Q 50. Re2+ Kb3 51. Re3 Qc3+ 52. Ke2 Re4 53. f3 Rxe3+ 54.
Kf2 Qd2+ 55. Kg1 Re1# 0-1

[Event "Late-Titled-Tuesday-Blitz-September-05-2023"]
[Site "Chess.com"]
[Date "2023.09.05"]
[Round "6"]
[White "Perdomov"]
[Black "tylityli"]
[Result "1-0"]
[WhiteElo "2193"]
[BlackElo "2312"]
[TimeControl "180+1"]
[EndTime "15:07:32 PDT"]
[Termination "Perdomov won on time"]

1. d4 Nf6 2. c4 e6 3. e3 Bb4+ 4. Bd2 Bxd2+ 5. Nxd2 d6 6. Bd3 Qe7 7. Rc1 e5 8. Ne2 e4 9. Bb1 Bf5 10. Ng3 Bg6 11. Qc2 Nbd7 12. Ndxe4 Nxe4 13. Nxe4 O-O 14. h4 h6 15. h5 Bh7 16. g4 Rae8 17. f3 f5 18. gxf5 Bxf5 19. O-O Qh4 20. Qg2 Qxh5 21. Ng3 Qg5 22. Nxf5 Rxf5 23. Bxf5 Qxf5 24. e4 Qf4 25. Rc3 Nf6 26. Qh2 Qg5+ 27. Kh1 Kh7 28. f4 Qg6 29. f5 Qg4 30. Rg3 Qxe4+ 31. Qg2 Qh4+ 32. Kg1 Qxd4+ 33. Kh2 Re7 34. Rg1 Nh5 35. Rh3 Qxc4 36. Qg6+ Kh8 37.
Rxh5 Qf4+ 38. Qg3 Qd4 39. Rxh6+ Kg8 40. Rg6 Re2+ 41. Rg2 Re7 42. f6 1-0

[Event "Late-Titled-Tuesday-Blitz-September-05-2023"]
[Site "Chess.com"]
[Date "2023.09.05"]
[Round "6"]
[White "DvaHrasta"]
[Black "wild3000"]
[Result "1-0"]
[WhiteElo "2510"]
[BlackElo "2342"]
[TimeControl "180+1"]
[EndTime "15:07:35 PDT"]
[Termination "DvaHrasta won by checkmate"]

1. c4 g6 2. g3 Bg7 3. Bg2 e5 4. Nc3 d6 5. Nf3 Nc6 6. O-O Nf6 7. d3 O-O 8. Rb1 a5 9. a3 Re8 10. e4 Bg4 11. h3 Bxf3 12. Bxf3 Nd4 13. Bg2 c5 14. b4 axb4 15. axb4 b6 16. Be3 Qd7 17. f4 Ra3 18. fxe5 dxe5 19. Nd5 Nh5 20. Kh2 Qd6 21. bxc5 bxc5 22. Rb6 Qd8 23. Rb7 Rf8 24. h4 Nf6 25. Bg5 Nxd5 26. Bxd8 Ne3 27. Qc1 Rxd3 28. Be7 Re8 29. Bxc5 Ng4+ 30. Kh3 Nf6 31. Bxd4 exd4 32.
c5 Rc3 33. Qf4 Rxc5 34. g4 Rc3+ 35. Rf3 Rxf3+ 36. Bxf3 Rf8 37. e5 Ne8 38. Bd5 Kh8 39.
Rxf7 Rg8 40. Qxd4 h5 41. g5 Rf8 42. Rxf8+ Bxf8 43. Qe4 Bg7 44. Qxg6 Nc7 45. Qxh5+ Bh6 46. Qxh6# 1-0

[Event "Late-Titled-Tuesday-Blitz-September-05-2023"]
[Site "Chess.com"]
[Date "2023.09.05"]
[Round "6"]
[White "jamengrand"]
[Black "JackRodgers"]
[Result "0-1"]
[WhiteElo "2363"]
[BlackElo "2601"]
[TimeControl "180+1"]
[EndTime "15:07:37 PDT"]
[Termination "JackRodgers won on time"]

1. e4 c5 2. Nf3 g6 3. d4 cxd4 4. c3 d3 5. Bxd3 Nc6 6. O-O Bg7 7. Re1 d6 8. h3 Nf6 9. c4 O-O 10. Nc3 Bd7 11. Bg5 Rc8 12. Rc1 a6 13. b3 h6 14.
Bh4 Be6 15. Nd5 g5 16. Bg3 Nb8 17. h4 g4 18. Nh2 h5 19. Bf4 Nbd7 20. Nf1 Ne5 21.
Bxe5 dxe5 22. Ng3 Bxd5 23. exd5 Bh6 24. Rxe5 Qd6 25. Nf5 Qxe5 26. Nxh6+ Kh8 27. Qd2 Ng8 28. Re1 Qf6 29. Nf5 e6 30. Ng3 Qxh4 31. Re5 f5 32. dxe6 Rce8 33. Bxf5 Qf6 34. Re1 h4 35. Nh5 Qxf5 36.
Qd4+ Nf6 37. Re5 Qb1+ 38. Kh2 g3+ 39. fxg3 hxg3+ 40. Kh3 Qh1+ 41. Kxg3 Rg8+ 42. Kf2 Rxg2+ 43. Ke3 Qg1+ 44. Kd3 Qd1+ 45. Kc3 Qa1+ 46. Kd3 Qxd4+ 47. Kxd4 Nxh5 48. Rxh5+ Kg7 49. Kd5 Rd2+ 50. Kc5 Rxe6 0-1

[Event "Late-Titled-Tuesday-Blitz-September-05-2023"]
[Site "Chess.com"]
[Date "2023.09.05"]
[Round "6"]
[White "slidingknight2775"]
[Black "RIPOL"]
[Result "0-1"]
[WhiteElo "2569"]
[BlackElo "2424"]
[TimeControl "180+1"]
[EndTime "15:07:37 PDT"]
[Termination "RIPOL won by checkmate"]

1. d4 Nf6 2. c4 e6 3. Nc3 Bb4 4. e3 O-O 5. Bd2 d5 6. Nf3 b6 7. cxd5 exd5 8. Rc1 Bb7 9. Bd3 Bd6 10. O-O c5 11.
Ne5 Nc6 12. f4 cxd4 13. Nxc6 Bxc6 14. exd4 Re8 15. Be1 Qd7 16. Bh4 Ne4 17. f5 b5 18.
Bxe4 dxe4 19. d5 Bb7 20. Qg4 Be5 21. Nxe4 Qxd5 22. f6 g6 23. Nc3 Qd4+ 24. Qxd4 Bxd4+ 25. Kh1 a6 26. a3 h6 27. Rcd1 Bxc3 28. bxc3 Re2 29.
Rf2 Rae8 30. Rxe2 Rxe2 31. Rg1 Ra2 32. Bg3 Rxa3 33. Be5 Ra2 34. h3 a5 35. Kh2 a4 36.
h4 a3 37. Rd1 Bxg2 38. Rd8+ Kh7 39. Kg3 Re2 40. Bd4 a2 41. Rd7 a1=Q 42. Rxf7+ Kg8 43.
Rg7+ Kh8 44. f7 Qe1+ 45. Kf4 Re4# 0-1

[Event "Late-Titled-Tuesday-Blitz-September-05-2023"]
[Site "Chess.com"]
[Date "2023.09.05"]
[Round "6"]
[White "Murad_Ibrahimli"]
[Black "korason34"]
[Result "1-0"]
[WhiteElo "2923"]
[BlackElo "2684"]
[TimeControl "180+1"]
[EndTime "15:07:38 PDT"]
[Termination "Murad_Ibrahimli won by checkmate"]

1. d4 Nf6 2. c4 e6 3. Nf3 b6 4. g3 Bb7 5. Bg2 Bb4+ 6. Bd2 Be7 7. O-O O-O 8. Bf4 d6 9. Nc3 Ne4 10. Na4 Nd7 11. Qc2 f5 12. Rad1 h6 13. Bc1 Qe8 14. Ne1 Qg6 15. Nd3 e5 16. d5 Nef6 17.
Nb4 e4 18. Qb3 Ne5 19. f4 exf3 20. exf3 Rae8 21. f4 Ned7 22. Nc6 Bxc6 23. dxc6 Nc5 24. Nxc5 dxc5 25. Rfe1 Ne4 26. Qa4 Bf6 27. Bxe4 fxe4 28.
Be3 Bxb2 29. Rd7 Rc8 30. Red1 Qg4 31. Qc2 Qf3 32. Qf2 Qxf2+ 33. Kxf2 Bf6 34. Ke2 Rf7 35. g4 Rxd7 36. Rxd7 Kf8 37. g5 Be7 38. h4 hxg5 39.
fxg5 Bd6 40. h5 Re8 41. g6 Re5 42. h6 gxh6 43. Bxh6+ Ke8 44. g7 Rh5 45. g8=Q+ Bf8 46. Qxf8# 1-0

[Event "Late-Titled-Tuesday-Blitz-September-05-2023"]
[Site "Chess.com"]
[Date "2023.09.05"]
[Round "6"]
[White "queen_iryna"]
[Black "kikoveiga"]
[Result "0-1"]
[WhiteElo "2326"]
[BlackElo "2568"]
[TimeControl "180+1"]
[EndTime "15:07:38 PDT"]
[Termination "kikoveiga won by resignation"]

1. e4 Nc6 2. Nf3 e5 3. Bb5 Nge7 4. c3 a6 5. Ba4 d5 6. exd5 Qxd5 7.
O-O Bg4 8. Re1 Bxf3 9. Qxf3 Qxf3 10. gxf3 b5 11. Bb3 f6 12. f4 exf4 13. d4 g5 14. Nd2 Na5 15. Be6 Bg7 16. a4 bxa4 17. Rxa4 Nac6 18. Bd5 Kd7 19. Be6+ Kd8 20. Nc4 Re8 21.
Bf7 Rf8 22. Be6 Re8 23. Bf7 Rf8 24. Be6 Ng6 25. Bd5 Kd7 26. Na5 Nge7 27. Rxe7+ Nxe7 28. Bxa8 Rxa8 29. Nb7 Kc6 30. Nc5 Kb6 31. Kf1 Nd5 32. Bd2 Bf8 33. Nd7+ Kb7 34. Ra5 c6 35. c4 Nb6 36.
Nxb6 Kxb6 37. b4 Re8 38. c5+ Kb7 39. Bc3 f5 40. Ra2 Bg7 41. Re2 Rxe2 42. Kxe2 g4 43.
Kd3 f3 44. Bd2 Kc8 45. Bf4 Kd7 46. Ke3 Ke6 47. Kd3 Kd5 48. Be3 f4 49. Bxf4 Bxd4 50. Bg3 h5 51. Kd2 Kc4 52. Kc2 Kxb4 53. Kd3 Kxc5 54.
Ke4 a5 0-1

[Event "Late-Titled-Tuesday-Blitz-September-05-2023"]
[Site "Chess.com"]
[Date "2023.09.05"]
[Round "6"]
[White "geordie_derraugh"]
[Black "djano"]
[Result "1/2-1/2"]
[WhiteElo "2489"]
[BlackElo "2622"]
[TimeControl "180+1"]
[EndTime "15:07:39 PDT"]
[Termination "Game drawn by repetition"]

1. e4 c5 2. Nf3 Nc6 3. Bb5 e5 4. Bxc6 bxc6 5. O-O d6 6. c3 Nf6 7. Re1 Be7 8. d4 cxd4 9. cxd4 exd4 10. Nxd4 Bd7 11.
Qc2 c5 12. Nf5 Bxf5 13. exf5 O-O 14. Bg5 h6 15. Bh4 Re8 16. Nc3 d5 17. Rad1 d4 18.
Bxf6 Bxf6 19. Ne4 Rc8 20. Nxf6+ gxf6 21. Qd2 Kh7 22. b3 Qd5 23. Qa5 Rg8 24. g3 Qxf5 25. Qxa7 Kg7 26. Re7 Rgf8 27. Rde1 d3 28. Qd7 Qg6 29.
Qd6 Rfd8 30. Rd7 Rxd7 31. Qxd7 Ra8 32. a4 Rb8 33. Qd5 Rb4 34. Rd1 Rd4 35. Qxc5 Qe4 36. Qc3 d2 37. Qe3 Qc2 38. Qe2 Rd3 39. b4 Qxa4 40.
Rxd2 Qa1+ 41. Kg2 Qa8+ 42. f3 Rxd2 43. Qxd2 Qa4 44. Qb2 Qb5 45. h4 h5 46. Qc3 Qd5 47.
Qb2 Qb5 48. Qd2 Qc4 49. Qf4 Qe2+ 50. Kh3 Qf1+ 51. Kh2 Qf2+ 52. Kh1 Qf1+ 53. Kh2 Qf2+ 54. Kh1 Qf1+ 55. Kh2 1/2-1/2

[Event "Late-Titled-Tuesday-Blitz-September-05-2023"]
[Site "Chess.com"]
[Date "2023.09.05"]
[Round "6"]
[White "Willychess95"]
[Black "Fandorine"]
[Result "0-1"]
[WhiteElo "2697"]
[BlackElo "2926"]
[TimeControl "180+1"]
[EndTime "15:07:40 PDT"]
[Termination "Fandorine won on time"]

1. e4 e5 2. Nf3 Nc6 3. Bc4 Nf6 4. Ng5 d5 5. exd5 b5 6. Bxb5 Qxd5 7. Bf1 e4 8. d3 Bg4 9. Be2 Bxe2 10. Qxe2 Nd4 11. Qd1 exd3 12. O-O Nxc2 13. Nc3 Qf5 14. Rb1 Bc5 15.
Nge4 Nxe4 16. Qxd3 Nd6 17. Qe2+ Kd7 18. b4 Rhe8 19.
Qa6 Bb6 20. Bd2 Nd4 21. a4 Qc2 22. Rbd1 Re6 23. a5 Rae8 24. axb6 axb6 25. Qa1 Nb3 26. Qa4+ b5 27. Nxb5 Nd4 28. Qxc2 Nxc2 29. Nxd6 Rxd6 30. Be3 Nxe3 31. Rxd6+ Kxd6 32. fxe3 f6 33. Rd1+ Kc6 34. Kf2 Re4 35. Rc1+ Kb6 36. Rb1 c6 37. Kf3 Rc4 38. Rd1 Rxb4 39. Rd7 g5 40. Rxh7 c5 41. Rh6 c4 42.
Rxf6+ Kb5 43. Ke2 Rb2+ 44. Kd1 Kb4 45. g3 Rxh2 46. Rf8 Kc3 47. Rd8 Rg2 48. e4 Rxg3 49.
e5 Re3 0-1

[Event "Late-Titled-Tuesday-Blitz-September-05-2023"]
[Site "Chess.com"]
[Date "2023.09.05"]
[Round "6"]
[White "GaiozNigalidze"]
[Black "crazy_but_lazy"]
[Result "1-0"]
[WhiteElo "2765"]
[BlackElo "2597"]
[TimeControl "180+1"]
[EndTime "15:07:41 PDT"]
[Termination "GaiozNigalidze won by checkmate"]

1. d4 d5 2. Nf3 Nf6 3. Bf4 c6 4. c3 Bf5 5. e3 e6 6. Nbd2 Nbd7 7. Be2 Be7 8. Nh4 Bg6 9. Nxg6 hxg6 10. h3 O-O 11.
Qc2 c5 12. g4 Rc8 13. h4 Nh7 14. g5 cxd4 15. exd4 e5 16. dxe5 Nc5 17. Nf3 Ne6 18. Qd2 Nxf4 19. Qxf4 Qb6 20. Qd2 Rfe8 21. Nd4 Nf8 22. Bg4 Rc4 23. Be2 Rcc8 24. Bg4 Rc4 25. Rd1 Bc5 26. O-O Bxd4 27. cxd4 Ne6 28. Bxe6 Qxe6 29. Qd3 Rec8 30. Qf3 Rc2 31. Kg2 Rxb2 32. Rc1 Rbc2 33. Rxc2 Rxc2 34. Rb1 Qd7 35. a3 b6 36. Rb3 Rc1 37. Re3 Qc6 38. Qg4 Ra1 39. e6 Qc1 40. exf7+ Kh7 41. Kf3 Qd1+ 42. Kg3 Qg1+ 43. Kf4 Qxf2+ 44.
Qf3 Qxh4+ 45. Ke5 Qxg5+ 46. Ke6 Qd8 47. f8=Q Qc8+ 48. Qxc8 Rh1 49. Qxh1# 1-0

[Event "Late-Titled-Tuesday-Blitz-September-05-2023"]
[Site "Chess.com"]
[Date "2023.09.05"]
[Round "6"]
[White "Alexei_Gubajdullin"]
[Black "Jahonas"]
[Result "1/2-1/2"]
[WhiteElo "2602"]
[BlackElo "2406"]
[TimeControl "180+1"]
[EndTime "15:07:43 PDT"]
[Termination "Game drawn by repetition"]

1. d4 Nf6 2. Nf3 e6 3. Bf4 b6 4. e3 Bb7 5. Be2 d5 6. O-O Bd6 7. a4 a5 8. Nc3 O-O 9. Nb5 Bxf4 10.
exf4 Nbd7 11. Ne5 Nxe5 12. f5 Nc6 13. fxe6 fxe6 14. Ra3 Ne4 15. Rh3 Qf6 16. Bd3 Rac8 17. Qh5 h6 18. f3 Ng5 19. Rg3 Nxd4 20. Nxd4 Qxd4+ 21. Kh1 Qf6 22. h4 Nf7 23. Rg6 Qf4 24. Rxe6 Rfe8 25. Rfe1 Rxe6 26. Rxe6 Kf8 27. Bg6 Re8 28.
Bf5 Rxe6 29. Bxe6 Qf6 30. Bh3 g6 31. Qg4 Kg7 32. Qd7 Bc6 33. Qxc7 Bxa4 34. b3 Bb5 35. h5 gxh5 36. Qg3+ Qg5 37. Qc7 Bf1 38. Qxb6 Qc1 39. Kh2 Qf4+ 40. Kg1 Be2 41. Qxa5 d4 42. b4 Qe3+ 43.
Kh2 Ne5 44. Qc7+ Kf6 45. Qd6+ Kg5 46. Qe7+ Kg6 47. Qe6+ Kg7 48. Qe7+ Nf7 49. Be6 Qf4+ 50. Kg1 Qf6 51. Qd7 d3 52. cxd3 Bxd3 53. Bxf7 Qa1+ 54. Kh2 Qe5+ 55. Kg1 Qe1+ 56. Kh2 Qh4+ 57. Kg1 Qe1+ 58. Kh2 Qh4+ 59. Kg1 Qe1+ 1/2-1/2

[Event "Late-Titled-Tuesday-Blitz-September-05-2023"]
[Site "Chess.com"]
[Date "2023.09.05"]
[Round "6"]
[White "KNVB"]
[Black "Fengwi"]
[Result "1-0"]
[WhiteElo "2711"]
[BlackElo "2418"]
[TimeControl "180+1"]
[EndTime "15:07:43 PDT"]
[Termination "KNVB won by checkmate"]

1. d4 d5 2. Bf4 c5 3. e3 Nc6 4.
c3 Nf6 5. Nd2 cxd4 6. exd4 Bf5 7. Qb3 Qc8 8. Ngf3 e6 9. Be2 h6 10. O-O Be7 11. a4 O-O 12. a5 Ne4 13. Nxe4 Bxe4 14.
a6 b6 15. Ne5 Nxe5 16. Bxe5 Bd8 17. Bd6 Re8 18. Bb5 Re7 19. Bxe7 Bxe7 20. Rfe1 Bd6 21.
Qd1 Qd8 22. Bd3 Bxd3 23. Qxd3 Qh4 24. g3 Qh3 25. Qf1 Qf5 26. Kg2 Rc8 27. Re3 Rc4 28. Qd3 Qf6 29. Rf3 Qd8 30. h4 h5 31. Qd1 g6 32. Ra4 Rc8 33. Qb3 Qd7 34. Ra1 Rc4 35.
Re3 Qc6 36. Kg1 Bf8 37. Qd1 Bh6 38. Rd3 Bg7 39. Qd2 Qc8 40. Qd1 Rc6 41. Qa4 Rc4 42. Qb5 Qc7 43. Re1 Qc8 44. Ree3 Rc7 45. Kg2 Bh6 46. Re2 Bg7 47. Rc2 Rc6 48. b3 Kh7 49. c4 dxc4 50. Rxc4 Rxc4 51. bxc4 Qa8+ 52. d5 exd5 53. cxd5 Qc8 54. d6 Qc2 55. d7 Bf6 56. Qd5 Bd8 57. Qxf7+ Kh6 58. Qf8+ Kh7 59. Qxd8 Qxd3 60.
Qe7+ Kh6 61. d8=Q Qxa6 62. Qh8# 1-0